 Dungeon Crawl Stone Soup version 0.27.0-1-g7a089689b8 (webtiles) character file.

Game seed: 11589779463317698814

144 freelancePsychic the Slasher (level 5, -7/41 HPs)
             Began as a Djinni Fighter on Aug 5, 2021.
             Was an Initiate of Dithmenos.
             Mangled by a wyvern zombie (11 damage)
             ... on level 4 of the Dungeon.
             The game lasted 00:04:21 (3031 turns).

freelancePsychic the Slasher (Djinni Fighter)       Turns: 3031, Time: 00:04:21

Health: -7/41      AC:  5    Str: 15    XL:     5   Next: 51%
Gold:   141        EV: 11    Int: 10    God:    Dithmenos [......] SH:  0 Dex: 13

rFire    + + .     SeeInvis .   a - +0 long sword
rCold    x . .     Faith    .   (no shield)
rNeg     + . .     Spirit   .   r - +0 leather armour {rN+}
rPois    ∞         Reflect  .   e - +0 helmet
rElec    .         Harm     .   (no cloak)
rCorr    .         Rampage  .   h - +0 pair of gloves
Will     .....                  (boots unavailable)
Stlth    +.........             (no amulet)
HPRegen  0.13/turn              (no ring)
MPRegen  0.00/turn              (no ring)

@: mighty, attractive, flying
A: sickness immunity, fire resistance 2, cold vulnerability 1, float, innate
caster, hp casting, extra vitality 1
a: Renounce Religion


You were on level 4 of the Dungeon.
You worshipped Dithmenos.
Dithmenos was noncommittal.
You visited 1 branch of the dungeon, and saw 4 of its levels.

You collected 141 gold pieces.

Inventory:

Hand Weapons
 a - a +0 long sword (weapon)
Armour
 b - a +0 scale mail
 c - a +0 kite shield
 e - a +0 helmet (worn)
 h - a +0 pair of gloves (worn)
 r - a +0 leather armour of positive energy (worn)
Scrolls
 g - a scroll of brand weapon {unknown}
 l - 2 scrolls of amnesia
 m - 2 scrolls of identify {@r1}
 o - a scroll of magic mapping {unknown}
Potions
 f - a potion of heal wounds {unknown}
 i - a potion of degeneration {unknown}
 j - a potion of curing {unknown}
 k - a potion of flight {unknown}
 n - a potion of attraction
 p - a potion of lignification {unknown}


   Skills:
 - Level 4.0 Fighting
 - Level 4.1 Long Blades
 - Level 3.0 Armour
 - Level 3.0 Shields
 * Level 0.0 Spellcasting


You had one spell level left.
You knew the following spells:

 Your Spells              Type           Power      Damage    Failure   Level
a - Apportation           Tloc           0%         N/A       43%         1
b - Poisonous Vapours     Pois/Air       0%         N/A       56%         2
Your spell library was empty.

Dungeon Overview and Level Annotations

Branches:
Dungeon (4/15)
 Temple: D:4-7

Altars:
Dithmenos
Gozag
Trog
Zin

Annotations:
D:2 Natasha


Innate Abilities, Weirdness & Mutations

You are immune to sickness and miasma.
You are immune to poison.
Your flesh is very heat resistant. (rF++)
You are vulnerable to cold. (rC-)
You float through the air rather than walking.
You learn spells naturally, not from books.
Your magical power is your life essence.
You have superior vitality. (+4 HP)


Message History

You hit the wyvern zombie.
The wyvern zombie is lightly damaged.
The wyvern zombie struggles against the net.
The net rips apart, and the wyvern zombie comes free!
The dart slug bites you.
You slash the wyvern zombie!
The wyvern zombie is moderately damaged.
The wyvern zombie bites you but does no damage.
The dart slug barely misses you. The wyvern zombie bites you.
You barely miss the wyvern zombie.
The wyvern zombie is moderately damaged.
The wyvern zombie bites you.
You barely miss the wyvern zombie.
The wyvern zombie is moderately damaged.
The wyvern zombie bites you. The dart slug misses you.
The wyvern zombie bites you!
You slash the wyvern zombie!
The wyvern zombie is heavily damaged.
The wyvern zombie bites you but does no damage.
The dart slug bites you.
You hit the wyvern zombie.
The wyvern zombie is severely damaged.
The wyvern zombie barely misses you. The dart slug bites you.
The wyvern zombie misses you.
You riposte.
You barely miss the wyvern zombie.
The wyvern zombie is severely damaged.
You hit the wyvern zombie but do no damage.
The wyvern zombie is severely damaged.
The wyvern zombie bites you!
* * * LOW HITPOINT WARNING * * *
The dart slug bites you but does no damage.
It was a potion of attraction.
You feel attractive to monsters.
The wyvern zombie bites you but does no damage.
You feel very mighty all of a sudden. The wyvern zombie misses you.
The dart slug launches a dart at you. The slug dart hits you.
* * * LOW HITPOINT WARNING * * *
The wyvern zombie bites you!
You die...

######## #......#
#......# #......#
#....?.# #......#
#....Zw# #....@.#
#......#
#......###.#
#..........#
#......###.#
###############.###
................#
#################


You could see a dart slug and a wyvern zombie.

Vanquished Creatures
  Natasha (D:2)
  4 adders
  A worm (D:2)
  8 dart slugs
  5 ball pythons
  7 endoplasms
  2 giant cockroaches
  2 hobgoblins (D:3)
  6 jackals
  5 kobolds
  A quokka (D:2)
  3 bats (D:3)
  4 frilled lizards
  9 goblins
  5 rats
63 creatures vanquished.

Notes
Turn   | Place    | Note
-------+----------+-------------------------------------------
     0 | D:1      | freelancePsychic the Djinni Fighter began the quest for the
                  | Orb.
     0 | D:1      | Reached XP level 1. HP: 20/20 MP: 0/0
   227 | D:1      | Reached XP level 2. HP: 21/25 MP: 0/0
   509 | D:1      | Found a faded altar of an unknown god.
   633 | D:1      | Reached XP level 3. HP: 27/30 MP: 0/0
   633 | D:1      | Learned a level 1 spell: Apportation
   867 | D:2      | Noticed Natasha
   877 | D:2      | Killed Natasha
   878 | D:2      | Reached XP level 4. HP: 30/35 MP: 0/0
   961 | D:2      | Noticed Natasha
  1647 | D:3      | Reached XP level 5. HP: 27/41 MP: 0/0
  1647 | D:3      | Learned a level 2 spell: Poisonous Vapours
  1897 | D:3      | Found a shadowy altar of Dithmenos.
  1910 | D:3      | Became a worshipper of Dithmenos the Shadowed
  2493 | D:3      | Found a bloodstained altar of Trog.
  2771 | D:3      | Found an opulent altar of Gozag.
  2772 | D:3      | Found a glowing silver altar of Zin.
  3031 | D:4      | Mangled by a wyvern zombie

Illustrated notes

Levels and vault maps discovered:
D:1:      minmay_arrival_jagged, layout_rooms,
          hellmonk_ecumenical_altar_inner_sanctum
D:2:      layout_loops_ring, corexii_corridor_pit,
          chequers_serial_rivers_small_3, minmay_fountain_box, uniq_natasha
D:3:      kennysheep_slugbush, layout_basic,
          grunt_temple_overflow_gold_and_silver, trog_hazing_becter,
          nicolae_dithmenos_shadow_blocks, solitary_fountain
D:4:      layout_basic, nemelex_xobeh_ov_fountains_minmay, portal_sewer_entry_b,
          kennysheep_generic_room_9

Skill      XL: |  1  2  3  4  5 |
---------------+----------------+-----
Long Blades    | 2 3 4 |  4.1
Fighting       | 4 |  4.0
Armour         | |  3.0
Shields        | |  3.0

Action                   |  1- 3 |  4- 6 || total
-------------------------+-------+-------++-------
Melee: Long sword        |    71 |   137 ||   208
Throw: Throwing net      |       |     1 ||     1
  Use: Potion            |       |     2 ||     2
       Scroll            |       |     1 ||     1
 Stab: Held in net/web   |       |     1 ||     1
Armor: Scale mail        |    50 |   102 ||   152
       Leather armour    |       |     4 ||     4
Dodge: Dodged            |    34 |    78 ||   112
       Rpst.: Long sword |     9 |    16 ||    25
